 Dungeon Crawl Stone Soup version 0.18.1-8-gdd0e5ea (webtiles) character file.

264 Heskey the Poker (level 6, -10/51 HPs)
             Began as a Merfolk Gladiator on June 8, 2016.
             Was a Follower of Okawaru.
             Mangled by Eustachio
             ... wielding a +4 rapier of electrocution
              (20 damage)
             ... on level 4 of the Dungeon.
             The game lasted 00:05:25 (2908 turns).

Heskey the Poker (Merfolk Gladiator)                Turns: 2908, Time: 00:05:26

Health: -10/51     AC: 10    Str: 20 (22) XL:     6   Next: 19%
Magic:  5/6        EV: 12    Int:  5 (7)  God:    Okawaru [*.....]
Gold:   191        SH:  0    Dex: 15      Spells: 0 memorised, 5 levels left

rFire  . . .     SeeInvis .     a - +0 trident
rCold  . . .     Gourm    .     h - +0 chain mail
rNeg   . . .     Faith    .     (no shield)
rPois  .         Spirit   .     c - +1 helmet
rElec  .         Dismiss  .     (no cloak)
rCorr  .         Reflect  .     (no gloves)
SustAt .         Harm     .     (no boots)
MR     +....                    (no amulet)
Stlth  ..........               r - ring of protection from magic
                                p - +2 ring of evasion

@: mighty, somewhat resistant to hostile enchantments, extremely unstealthy
A: change form in water, swift swim
a: Heroism, Renounce Religion


You were on level 4 of the Dungeon.
You worshipped Okawaru.
Okawaru was aware of your devotion.
You were not hungry.

You visited 1 branch of the dungeon, and saw 4 of its levels.

You collected 191 gold pieces.

Inventory:

Hand Weapons
 a - a +0 trident (weapon)
Missiles
 d - 3 throwing nets (quivered)
Armour
 c - a +1 helmet (worn)
 h - a +0 chain mail (worn)
Jewellery
 n - an uncursed ring of fire {unknown}
 p - a +2 ring of evasion (left hand)
 r - a ring of protection from magic (right hand)
Scrolls
 e - 2 scrolls of remove curse
 m - a scroll of random uselessness
Potions
 t - a potion of agility
Comestibles
 b - a chunk of flesh
 f - 3 bread rations
 g - 4 fruits
 k - a royal jelly
 l - a meat ration


   Skills:
 * Level 5.0 Fighting
 + Level 6.3 Polearms
 - Level 2.0 Throwing
 + Level 5.5 Dodging


You had 5 spell levels left.
You didn't know any spells.

Dungeon Overview and Level Annotations

Branches:
Dungeon (4/15)
 Temple: D:4-7

Altars:
Okawaru

Annotations:
D:4 Eustachio


Message History

The white imp misses you. The rat bites you but does no damage.
You puncture Eustachio!
Eustachio is lightly wounded.
The white imp disappears in a puff of smoke!
You puncture Eustachio!
Eustachio is moderately wounded.
The rat closely misses you.
Eustachio mumbles some strange words.
You puncture Eustachio!
Eustachio is severely wounded.
The rat barely misses you.
Eustachio casts a spell.
You barely miss Eustachio.
Eustachio is severely wounded.
You feel like a meek peon again.
The quokka disappears in a puff of smoke!
The bat closely misses you. The rat bites you but does no damage.
Eustachio hits you but does no damage.
You are electrocuted!
You die...

............................#****
.............................,,,,
##..........................#*,,,
............)................,,,,
.#..........................#*,*,
.#..........................#*,*,
##..........................#*,*,
#.............§br...)......#*,*,
#..............@@..........#*,*,
#.............r............#*,*,
#........).....r...........#*,*,
#...................†......#*,*,
#..........................#*,*,
#..........................#*,*,
#..........................#*,##
#......[..................)#*,#.
#...................§......#*,#.


You could see Eustachio, 2 river rats, a bat and a rat.

Vanquished Creatures
  An ogre (D:4)
  Jessica (D:2)
  An iguana (D:4)
  An orc wizard (D:3)
  3 adders
  An ooze (D:2)
  2 worms
  2 dart slugs
  4 giant geckos
  9 orcs
  6 bats
  4 giant cockroaches
  5 goblins
  A hobgoblin (D:1)
  2 jackals (D:3)
  2 quokkas
  A giant newt (D:1)
  8 kobolds
  5 rats
59 creatures vanquished.

Notes
Turn   | Place    | Note
--------------------------------------------------------------
     0 | D:1      | Heskey the Merfolk Gladiator began the quest for the Orb.
     0 | D:1      | Reached XP level 1. HP: 16/16 MP: 1/1
   158 | D:1      | Reached XP level 2. HP: 23/23 MP: 2/2
   818 | D:2      | Found an iron altar of Okawaru.
   829 | D:2      | Became a worshipper of Warmaster Okawaru
   849 | D:2      | Reached XP level 3. HP: 23/28 MP: 3/3
   879 | D:2      | Noticed Jessica
   887 | D:2      | Killed Jessica
   887 | D:2      | Reached skill level 5 in Polearms
  1118 | D:2      | Reached XP level 4. HP: 35/35 MP: 4/4
  1868 | D:3      | Reached skill level 5 in Dodging
  2026 | D:3      | Reached XP level 5. HP: 23/42 MP: 5/5
  2715 | D:4      | Reached skill level 6 in Polearms
  2733 | D:4      | Noticed an ogre
  2740 | D:4      | Killed an ogre
  2740 | D:4      | Reached * piety under Okawaru
  2740 | D:4      | Reached skill level 5 in Fighting
  2740 | D:4      | Reached XP level 6. HP: 41/51 MP: 6/6
  2838 | D:4      | Noticed Eustachio
  2908 | D:4      | Mangled by Eustachio

Skill      XL: |  1  2  3  4  5 |
---------------+----------------+-----
Fighting       | 3 4 5 |  5.0
Polearms       | 5 6 |  6.3
Dodging        | 5 |  5.5
Throwing       | |  2.0

Action                   |  1- 3 |  4- 6 || total
-------------------------+-------+-------++-------
Melee: Trident           |    83 |   153 ||   236
Invok: Heroism           |       |     1 ||     1
  Use: Scroll            |       |    10 ||    10
       Potion            |       |     7 ||     7
 Stab: Sleeping          |     3 |     5 ||     8
  Eat: Chunk             |     1 |     5 ||     6
       Fruit             |       |     1 ||     1
Armor: Leather armour    |    27 |    23 ||    50
       Chain mail        |       |    12 ||    12
Dodge: Dodged            |    49 |    75 ||   124
